 Dungeon Crawl Stone Soup version 0.27-a0-412-g8dd771eca2 (webtiles) character file.

Game seed: 4069411215611803832

45 siradein the Firebug (level 3, 0/26 HPs)
             Began as a Hill Orc Fire Elementalist on Feb 23, 2021.
             Shot with an arrow by a centaur (14 damage)
             ... on level 2 of the Dungeon.
             The game lasted 00:04:43 (1644 turns).

siradein the Firebug (Hill Orc Fire Elementalist)   Turns: 1644, Time: 00:04:43

Health: 0/26       AC:  3    Str: 10    XL:     3   Next: 64%
Magic:  4/5        EV: 12    Int: 16    God:
Gold:   39         SH:  0    Dex: 11    Spells: 4/5 levels left

rFire    . . .     SeeInvis .   (no weapon)
rCold    . . .     Faith    .   (no shield)
rNeg     + . .     Spirit   .   a - +0 robe
rPois    .         Reflect  .   (no helmet)
rElec    .         Harm     .   (no cloak)
rCorr    .         Rampage  .   (no gloves)
Will     .....                  f - +0 pair of boots
Stlth    ++........             (no amulet)
HPRegen  0.08/turn              d - ring of positive energy
MPRegen  0.09/turn              (no ring)

@: no status effects
A: no striking features
a: no special abilities


You were on level 2 of the Dungeon.
You visited 1 branch of the dungeon, and saw 2 of its levels.

You collected 39 gold pieces.

Inventory:

Armour
 a - a +0 robe (worn)
 f - a +0 pair of boots (worn)
Jewellery
 d - a ring of positive energy (left hand)
Scrolls
 b - 2 scrolls of identify {unknown}
 c - 2 scrolls of teleportation {unknown}
 e - a scroll of magic mapping {unknown}
 g - a scroll of fog {unknown}
 i - a scroll of fear {unknown}
Potions
 h - a potion of heal wounds {unknown}


   Skills:
 - Level 1.5 Dodging
 - Level 1.5 Stealth
 - Level 1.5 Spellcasting
 + Level 2.4 Conjurations
 + Level 4.2 Fire Magic


You had 4 spell levels left.
You knew the following spells:

 Your Spells              Type           Power        Failure   Level
a - Foxfire               Conj/Fire      44%          5%          1

Your spell library contained the following spells:

 Spells                   Type           Power        Failure   Level
 Conjure Flame            Conj/Fire      11%          17%         3
 Inner Flame              Hex/Fire       8%           26%         3
 Sticky Flame             Conj/Fire      11%          50%         4
 Fireball                 Conj/Fire      5%           83%         5


Dungeon Overview and Level Annotations

Branches:
Dungeon (2/15)

Altars:


Message History

Items here: ( )) †.
You see here a ball python corpse.
Found a stone staircase leading up.
Casting: Foxfire (safe; 5% risk of failure)
Press: ? - help, Q - select action Dir - look around, f - activate You conjure some foxfire!
You miss the bat.
The foxfire hits the bat.
The bat is severely wounded.
The bat hits you but does no damage.
The foxfire hits the bat.
You kill the bat!
A hobgoblin comes into view. It is wielding a +0 club.
Casting: Foxfire (safe; 5% risk of failure)
Press: ? - help, Q - select action Dir - look around, f - activate You conjure some foxfire!
The hobgoblin shouts!
The foxfire hits the hobgoblin.
The hobgoblin is heavily wounded.
The foxfire hits the hobgoblin.
You kill the hobgoblin!
You now have 39 gold pieces (gained 8).
Things that are here:
a +0 club; a hobgoblin corpse
Found 28 stones.
You see here 28 stones.
i - a scroll labelled FELOHUQ KEKHE You see here 28 stones.
A centaur comes into view.
The centaur wields a +0 shortbow.
The centaur shoots an arrow.
The arrow hits you!
Casting: Foxfire (safe; 5% risk of failure)
Press: ? - help, Q - select action Dir - look around, f - activate You conjure some foxfire!
The foxfire hits the centaur.
The centaur is lightly wounded.
The foxfire hits the centaur.
The centaur is lightly wounded.
The centaur shoots an arrow.
The arrow hits you.
The centaur shoots an arrow.
The arrow hits you!
Ouch! That really hurt!
You die...

##.## #.##.#
....###
#.##.#
##....#
#.##.#
##.###.##
#.##.# #.##
#.# #.##.#
#.# #<#
#.##.# #.##
##.# #.#
##.###.##
#.#####
##†..##
#.@.§§#
###).######
#####c#
...†........
.#
.....#######
.# ....## .#
##### .# .#
##


You could see a centaur.

Vanquished Creatures
  An ooze (D:1)
  A dart slug (D:1)
  2 leopard geckos
  4 bats
  3 giant cockroaches
  4 goblins (D:1)
  6 hobgoblins
  3 jackals (D:1)
  4 kobolds
  2 ball pythons
  A frilled lizard (D:1)
  2 rats
33 creatures vanquished.

Vanquished Creatures (others)
  89 foxfires
89 creatures vanquished.

Grand Total: 122 creatures vanquished

Notes
Turn   | Place    | Note
-------+----------+-------------------------------------------
     0 | D:1      | siradein the Hill Orc Fire Elementalist began the quest for
                  | the Orb.
     0 | D:1      | Reached XP level 1. HP: 14/14 MP: 3/3
   135 | D:1      | Reached XP level 2. HP: 20/20 MP: 1/4
   706 | D:1      | Reached XP level 3. HP: 26/26 MP: 2/5
   790 | D:1      | Reached skill level 4 in Fire Magic
  1641 | D:2      | Noticed a centaur
  1644 | D:2      | Shot with an arrow by a centaur

Illustrated notes

Levels and vault maps discovered:
D:1:      lightli_arrival_maybe_door_vault, layout_basic, chequers_garden
D:2:      layout_loops_ring, minmay_splitting_lines

Skill      XL: |  1  2  3 |
---------------+----------+-----
Conjurations   | 2 |  2.4
Fire Magic     | 4 |  4.2
Dodging        | |  1.5
Stealth        | |  1.5
Spellcasting   | |  1.5

Action                   || total
-------------------------++-------
Melee: Unarmed           ||    11
 Cast: Foxfire           ||    53
Armor: Robe              ||     4
Dodge: Dodged            ||    13

Table legend: (Time is in decaauts)
 A = Elapsed time spent in this place.
 B = Non-inter-level travel time spent in this place.
 C = Inter-level travel time spent in this place.
 D = Time resting spent in this place.
 E = Time spent auto-exploring this place.
 F = Levels seen in this place.
 G = Mean time per level.
                   A        B        C        D        E       F      G
               +--------+--------+--------+--------+--------+-----+--------+
         Total |   1643 |   1621 |     22 |      0 |   1414 |   2 |  821.5 |
       Dungeon |   1643 |   1621 |     22 |      0 |   1414 |   2 |  821.5 |
               +--------+--------+--------+--------+--------+-----+--------+

Top non-repeatable levels by time:
     D:1: 1460 daAuts
     D:2: 182 daAuts
